 Dungeon Crawl Stone Soup version 0.18.1-48-g4cf74bf (webtiles) character file.

189 Joat the Insei (level 5, 0/41 HPs)
             Began as a Draconian Transmuter on Aug 18, 2016.
             Was a Follower of Cheibriados.
             Killed by nerve-wracking pain
             ... invoked by Menkaure
              (14 damage)
             ... on level 4 of the Dungeon.
             The game lasted 00:10:28 (2890 turns).

Joat the Insei (Draconian Transmuter)               Turns: 2890, Time: 00:10:28

Health: 0/41       AC:  6    Str: 15    XL:     5   Next: 40%
Magic:  8/8        EV: 13    Int: 16    God:    Cheibriados [*.....]
Gold:   163        SH:  0    Dex: 16    Spells: 2 memorised, 5 levels left

rFire  + . .     SeeInvis .     t - +2 dagger (elec)
rCold  . . .     Gourm    .     (armour unavailable)
rNeg   . . .     Faith    .     (no shield)
rPois  .         Spirit   .     (helmet restricted)
rElec  .         Dismiss  .     (no cloak)
rCorr  .         Reflect  .     z - +0 pair of gloves
SustAt .         Harm     .     (no boots)
MR     .....                    (no amulet)
Stlth  +.........               A - ring of protection from cold
                                s - ring of fire

@: very slow, not resistant to hostile enchantments, very unstealthy
A: unfitting armour, cold-blooded, AC +5
a: Bend Time, Renounce Religion


You were on level 4 of the Dungeon.
You worshipped Cheibriados.
Cheibriados was aware of your devotion.
You were not hungry.

You visited 1 branch of the dungeon, and saw 4 of its levels.

You collected 163 gold pieces.

Inventory:

Hand Weapons
 t - a +2 dagger of electrocution (weapon)
Missiles
 a - 53 arrows
 x - 7 javelins (quivered)
 C - 7 curare-tipped needles
Armour
 f - a +0 pair of gloves
 z - a +0 pair of gloves (worn)
Jewellery
 s - a ring of fire (left hand)
 A - a ring of protection from cold (right hand)
 E - an uncursed ring of fire
Wands
 m - a wand of disintegration (3/24)
 D - a wand of acid (13/15)
Scrolls
 e - 2 scrolls of teleportation {unknown}
 g - 5 scrolls of identify {unknown}
 n - 3 scrolls of remove curse {unknown}
 r - 2 scrolls of enchant weapon {unknown}
 u - 2 scrolls of amnesia {unknown}
 w - a scroll of magic mapping {unknown}
 y - a scroll of immolation {unknown}
 B - a scroll of enchant armour {unknown}
 F - a scroll of recharging {unknown}
 I - a scroll of fear {unknown}
Potions
 d - a potion of ambrosia {unknown}
 h - a potion of degeneration {unknown}
 l - a potion of cure mutation {unknown}
 o - 3 potions of curing {unknown}
 p - a potion of flight {unknown}
 q - a potion of lignification {unknown}
 v - a potion of heal wounds {unknown}
Books
 b - a book of Changes

   Spells                             Type                      Level
   a - Beastly Appendage              Transmutation                1
   b - Sticks to Snakes               Transmutation                2
   c - Spider Form                    Transmutation/Poison         3
   d - Ice Form                       Ice/Transmutation            4
   e - Blade Hands                    Transmutation                5
Comestibles
 c - 3 bread rations
 i - a beef jerky
 j - 3 meat rations
 k - 2 slices of pizza
 G - 3 fruits
 H - a chunk of flesh


   Skills:
 + Level 2.0 Fighting
 + Level 2.8 Dodging
 + Level 4.2 Unarmed Combat
 + Level 2.5 Spellcasting
 + Level 2.7 Transmutations
 + Level 1.4 Poison Magic


You had 5 spell levels left.
You knew the following spells:

 Your Spells              Type           Power        Failure   Level  Hunger
a - Beastly Appendage     Trmt           ##....       10%         1    #......
b - Spider Form           Trmt/Pois      #.........   28%         3    ###....


Dungeon Overview and Level Annotations

Branches:
Dungeon (4/15)
 Temple: D:4-7

Altars:
Ashenzari
Cheibriados
Yredelemnul

Annotations:
D:4 Menkaure


Innate Abilities, Weirdness & Mutations

Your plain brown scales are hard (AC +5).
Your body does not fit into most forms of armour.
You are cold-blooded and may be slowed by cold attacks.


Message History

Menkaure, Prince of Dust comes into view.
Menkaure shouts!
Menkaure mumbles some strange words.
Menkaure seems to speed up.
Menkaure barely misses you.
Menkaure shouts, "The curse of the Pharaohs be upon you!"
Menkaure hits you!
You barely miss Menkaure. Menkaure hits you!
You hit Menkaure.
There is a sudden explosion of sparks!
Menkaure is severely damaged.
Menkaure gestures at you while chanting.
You barely resist. You barely miss Menkaure.
Menkaure is severely damaged.
Menkaure barely misses you.
You hit Menkaure. You punch Menkaure.
Menkaure is almost destroyed.
Menkaure casts a spell at you. Pain shoots through your body!
You die...

.... ###..# #####
##......
....############...# #.
...................# ...
....#.##########...#....
....#.# #........
..รท.#.# #..####.# ..
....#.# #@...# ...#
......# #M##.# #...#
.###### #### #......
#...# .# ####...
..####.### #...###
.#####.....# #.#
#.#######...##.
.....#.....###.#
#.##..........#
####.#.......#.#
#............## ###
#.....#.#.#
#.##..........# ..#
#.....#.#.#
#.#######...##.


You could see Menkaure.

Vanquished Creatures
  Ijyb (D:2)
  Terence (D:2)
  3 worker ants (D:4)
  A worm (D:3)
  4 giant geckos
  An orc (D:4)
  2 giant cockroaches (D:1)
  9 hobgoblins
  7 jackals
  4 quokkas
  A ball python (D:3)
  5 bats
  4 giant newts
  11 goblins
  6 kobolds
60 creatures vanquished.

Notes
Turn   | Place    | Note
--------------------------------------------------------------
     0 | D:1      | Joat the Draconian Transmuter began the quest for the Orb.
     0 | D:1      | Reached XP level 1. HP: 16/16 MP: 3/3
   217 | D:1      | Reached XP level 2. HP: 19/23 MP: 5/5
   551 | D:2      | Noticed Ijyb
   586 | D:2      | Killed Ijyb
   586 | D:2      | Reached XP level 3. HP: 3/28 MP: 6/6
   868 | D:2      | Found a basalt altar of Yredelemnul.
  1144 | D:2      | Learned a level 3 spell: Spider Form
  1333 | D:2      | Found a snail-covered altar of Cheibriados.
  1341 | D:2      | Became a worshipper of Cheibriados the Contemplative
  1434 | D:2      | Noticed Terence
  1459 | D:2      | Killed Terence
  1459 | D:2      | Reached skill level 4 in Unarmed Combat
  1459 | D:2      | Reached XP level 4. HP: 12/36 MP: 7/7
  2009 | D:3      | Reached * piety under Cheibriados
  2493 | D:4      | Reached skill level 1 in Poison Magic
  2493 | D:4      | Reached XP level 5. HP: 41/41 MP: 8/8
  2559 | D:4      | Found a shattered altar of Ashenzari.
  2882 | D:4      | Noticed Menkaure
  2890 | D:4      | Killed from afar by Menkaure

Skill      XL: |  1  2  3  4 |
---------------+-------------+-----
Dodging        | 2 |  2.8
Unarmed Combat | 4 |  4.2
Fighting       | 2 |  2.0
Poison Magic   | 1 |  1.4
Spellcasting   | |  2.5
Transmutations | |  2.7

Action                   |  1- 3 |  4- 6 || total
-------------------------+-------+-------++-------
Melee: Unarmed           |   106 |       ||   106
       Tailslap          |    20 |     8 ||    28
       Kick              |     3 |       ||     3
       Punch             |     2 |     1 ||     3
       Dagger            |    29 |    73 ||   102
 Cast: Beastly Appendage |     1 |       ||     1
 Stab: Sleeping          |       |     3 ||     3
  Eat: Chunk             |     2 |     3 ||     5
Armor: Skin              |    33 |    19 ||    52
Dodge: Dodged            |    74 |    52 ||   126
